AoeStats
← | ArCas | Toruk Makto

Arabia

507869816Analyzed
4v4 RM · 11d ago on Sep 20, 2026· 56m 40s· 8 players
Game mode
Random Map
Map size
Large (8 player)
Population
200
Speed
Normal
Resources
Standard
Victory
Conquest
Starting age
Dark Age
Ending age
Imperial Age
RankedLock teamsTeams togetherTeam positionsShared explorationLock speedFull tech treeHidden civsTurbo modeCheats
Victory
Defeat
🇲🇽 Britons · Mexico
1353
+14
🇦🇷 Magyars · Argentina
1289
+17
🇨🇱 Hindustanis · Chile
1288
+17
🇦🇷 Persians · Argentina
1285
+17
🇲🇽 Franks · Mexico
1372
-20
🇲🇽 Saracens · Mexico
1356
-18
🇺🇸 Maya · United States
1290
-15
🇰🇷 Mongols · South Korea
1195
-12
OverladenSnake6
6:30 Loom
9:23 Feudal Age
10:01 Double-Bit Axe
14:35 Padded Archer Armor
14:26 Fletching
15:32 Padded Archer Armor
25:06 Castle Age
25:10 Crossbowman
25:50 Bodkin Arrow
26:11 Leather Archer Armor
30:17 Ballistics
34:01 Horse Collar
37:05 Bow Saw
37:00 Gold Mining
41:14 Scale Barding Armor
47:15 Imperial Age
45:43 Thumb Ring
47:19 Arbalester
49:06 Chemistry
49:16 Elite Mameluke
53:30 Chain Barding Armor
53:21 Forging
Diplessbachus29
2:33 Loom
10:11 Feudal Age
11:42 Double-Bit Axe
18:04 Castle Age
17:33 Gold Mining
18:55 Fletching
20:34 Bow Saw
20:43 Bloodlines
20:51 Bodkin Arrow
22:44 Scale Barding Armor
25:38 Chain Barding Armor
29:21 Ballistics
30:42 Wheelbarrow
48:56 Imperial Age
49:29 Light Cavalry
50:11 Husbandry
50:30 Forging
50:51 Onager
53:05 Drill
56:12 Horse Collar
HappyHalb
0:26 Loom
8:37 Feudal Age
9:14 Double-Bit Axe
23:08 Castle Age
21:54 Fletching
23:47 Bodkin Arrow
23:19 Crossbowman
28:45 Ballistics
28:55 Padded Archer Armor
31:35 Wheelbarrow
32:06 Gold Mining
32:33 Leather Archer Armor
40:01 Imperial Age
40:47 Bracer
40:10 Arbalester
42:27 Thumb Ring
43:34 Conscription
45:50 Chemistry
JimenezEleven
0:41 Loom
9:34 Feudal Age
10:03 Double-Bit Axe
20:18 Scale Barding Armor
24:22 Forging
27:36 Castle Age
27:28 Scale Mail Armor
27:38 Light Cavalry
29:22 Chain Barding Armor
29:04 Husbandry
34:51 Iron Casting
35:31 Wheelbarrow
40:56 Town Watch
45:00 Hand Cart
52:20 Imperial Age
52:52 Stone Mining
52:52 Gold Mining
53:41 Plate Barding Armor
53:32 Cavalier
EXILE | Polag3K
6:33 Loom
9:24 Feudal Age
13:19 Fletching
15:39 Padded Archer Armor
22:31 Castle Age
21:51 Double-Bit Axe
22:57 Crossbowman
24:17 Bodkin Arrow
28:56 Ballistics
29:11 Leather Archer Armor
36:22 Imperial Age
36:34 Arbalester
37:15 Bracer
38:20 Chemistry
40:34 Wheelbarrow
40:34 Gold Mining
40:35 Stone Mining
43:19 Siege Engineers
42:55 Treadmill Crane
43:26 Masonry
47:42 Conscription
48:41 Ring Archer Armor
49:25 Yeomen
51:02 Hand Cart
50:33 Town Watch
| ArCas | Toruk Makto
7:10 Loom
9:06 Feudal Age
9:44 Double-Bit Axe
9:43 Horse Collar
18:33 Bloodlines
18:50 Forging
20:45 Scale Barding Armor
26:25 Castle Age
27:34 Iron Casting
27:19 Chain Barding Armor
26:21 Light Cavalry
27:02 Husbandry
27:35 Gold Mining
31:18 Town Watch
38:29 Wheelbarrow
41:32 Heavy Plow
42:53 Gold Shaft Mining
47:43 Imperial Age
45:32 Hand Cart
45:31 Fletching
46:09 Stone Mining
46:41 Bow Saw
46:29 Bodkin Arrow
48:34 Stone Shaft Mining
47:28 Cavalier
49:12 Blast Furnace
49:20 Plate Barding Armor
49:45 Crop Rotation
51:20 Two-Man Saw
52:00 Padded Archer Armor
52:39 Savar
55:24 Leather Archer Armor
55:09 Scale Mail Armor
55:39 Conscription
55:20 Murder Holes
55:46 Ballistics
56:27 Chemistry
beiza -opsleagues
4:17 Loom
11:42 Feudal Age
15:38 Double-Bit Axe
15:58 Fletching
18:17 Forging
18:19 Gold Mining
18:41 Scale Mail Armor
20:35 Padded Archer Armor
29:48 Castle Age
29:34 Stone Mining
29:54 Crossbowman
30:32 Bodkin Arrow
31:31 Thumb Ring
32:38 Bow Saw
34:12 Leather Archer Armor
36:23 Ballistics
37:09 Gold Shaft Mining
36:47 Town Watch
36:49 Horse Collar
40:12 Wheelbarrow
40:38 Heavy Plow
41:44 Masonry
46:23 Imperial Age
45:55 Hand Cart
45:41 Town Patrol
46:14 Chain Mail Armor
46:34 Iron Casting
46:43 Stone Shaft Mining
47:11 Bracer
48:33 Chemistry
49:54 Blast Furnace
51:39 Conscription
51:17 Murder Holes
52:36 Two-Man Saw
51:02 Pikeman
51:43 Squires
51:57 Siege Elephant
52:22 Elite Skirmisher
54:18 Arson
EXILE | Heisenberg
6:44 Loom
9:41 Feudal Age
17:21 Scale Barding Armor
18:50 Bloodlines
24:14 Castle Age
22:52 Horse Collar
23:00 Double-Bit Axe
24:35 Wheelbarrow
25:19 Chain Barding Armor
25:50 Husbandry
46:09 Heavy Plow
46:22 Bow Saw
51:43 Imperial Age
51:23 Stone Mining
51:24 Gold Mining
51:59 Hand Cart
51:30 Town Watch
51:45 Cavalier
53:28 Plate Barding Armor
53:56 Gold Shaft Mining
Connection lost

Rejoining the realm…

Still unreachable

The connection could not be restored.

Session expired

The server has moved on; the page needs a fresh start.